 Dungeon Crawl Stone Soup version 0.28-a0-1594-ga885d4b3d6 (webtiles) character file.

Game seed: 5022690202327683638

30 HallandMoats the Skirmisher (level 3, 0/24 HPs)
             Began as a Gargoyle Fighter on Jan 21, 2022.
             Was a Follower of Wu Jian.
             Slain by a gnoll (1 damage)
             ... on level 2 of the Dungeon.
             The game lasted 00:01:05 (1042 turns).

HallandMoats the Skirmisher (Gargoyle Fighter)      Turns: 1042, Time: 00:01:06

Health: 0/24       AC: 12    Str: 19    XL:     3   Next: 20%
Magic:  3/3        EV:  9    Int:  8    God:    Wu Jian [*.....]
Gold:   39         SH:  4    Dex: 11    Spells: 2/2 levels left

rFire   . . .      SeeInvis .   a - +0 war axe
rCold   . . .      Faith    .   c - +0 buckler
rNeg    + . .      Spirit   .   b - +0 scale mail
rPois   ∞          Reflect  .   j - +1 helmet
rElec   +          Harm     .   (no cloak)
rCorr   .          Rampage  .   (no gloves)
Will    .....                   (no boots)
Stlth   ..........              (no amulet)
HPRegen 0.08/turn               (no ring)
MPRegen 0.08/turn               (no ring)

@: no status effects
A: sickness immunity, AC +3, negative energy resistance 1, electricity
resistance, torment resistance 1, petrification resistance
a: Renounce Religion


You were on level 2 of the Dungeon.
You worshipped Wu Jian.
Wu Jian was aware of your devotion.
You visited 1 branch of the dungeon, and saw 2 of its levels.

You collected 39 gold pieces.

Inventory:

Hand Weapons
 a - a +0 war axe (weapon)
Armour
 b - a +0 scale mail (worn)
 c - a +0 buckler (worn)
 j - a +1 helmet (worn)
Scrolls
 e - a scroll of acquirement {unknown}
 g - a scroll of torment {unknown}
 h - a scroll of fog {unknown}
 k - a scroll of blinking {unknown}
 l - a scroll of identify {unknown}
Potions
 d - a potion of might
 f - 2 potions of curing {unknown}
 i - 2 potions of flight {unknown}
 m - a potion of attraction {unknown}
 n - a potion of degeneration {unknown}


   Skills:
 * Level 3.8 Fighting
 * Level 2.2 Axes
 + Level 3.4 Armour
 + Level 0.5 Dodging
 + Level 3.4 Shields


You had 2 spell levels left.
You didn't know any spells.
Your spell library contained the following spells:

 Spells                   Type           Power      Damage    Failure   Level
 Iskenderun's Battlesphe  Conj           0%         2d6       100%        5
 Iron Shot                Conj/Erth      0%         9d1       100%        6
 Spellforged Servitor     Conj/Summ      0%         N/A       100%        7


Dungeon Overview and Level Annotations

Branches:
Dungeon (2/15)

Altars:
Wu Jian


Innate Abilities, Weirdness & Mutations

You are immune to sickness and miasma.
Your stone body is resilient. (AC +3)
You are immune to poison.
You resist negative energy. (rN+)
You are resistant to electric shocks. (rElec)
You are resistant to unholy torment.
You are immune to petrification.


Message History

You slash the gnoll!
The gnoll is heavily wounded.
A gnoll comes into view. It is wielding a +0 spear.
You block the gnoll's attack.
You closely miss the gnoll.
The gnoll is heavily wounded.
You completely miss the ball python.
The gnoll shouts!
A gnoll comes into view. It is wielding a +0 club.
The gnoll hits you with a +0 flail!
* * * LOW HITPOINT WARNING * * *
The ball python bites you but does no damage.
The ball python grabs you. The ball python constricts you.
The gnoll hits you but does no damage.
You escape the ball python's grasp.
The gnoll shouts!
The gnoll throws a throwing net.
You block the throwing net.
You see here a throwing net.
You block the ball python's attack. The ball python grabs you.
The ball python constricts you.
You escape the ball python's grasp.
There is a stone staircase leading up here.
The ball python barely misses you. The ball python grabs you.
You stop ascending the stairs.
The ball python constricts you.
Unknown command.
You barely miss the gnoll.
The gnoll is heavily wounded.
You barely miss the ball python. The gnoll closely misses you.
The ball python barely misses you. The ball python constricts you.
The gnoll hits you with a +0 flail.
* * * LOW HITPOINT WARNING * * *
The ball python bites you but does no damage.
The ball python constricts you.
You completely miss the gnoll.
The gnoll is heavily wounded.
You hit the ball python.
You kill the ball python!
The Council accepts your kill. The gnoll hits you with a +0 flail.
You die...

...#..........##.†#†#
.#######....### #...#
|# ##...######..# ##
###.#.......# #
#......(#.#
#......g#..#
##.....g.##..#
#.....g..# #.#
......#...@.# .#
#####.#.....# ..
#.(...### ####...
#.... ####.. #.. ...
..#


You could see 3 gnolls.

Vanquished Creatures
  An adder (D:2)
  A worm (D:2)
  An endoplasm (D:2)
  A goblin (D:2)
  3 hobgoblins
  3 kobolds
  A quokka (D:1)
  3 ball pythons
  2 bats (D:1)
  A frilled lizard (D:1)
  3 rats (D:1)
20 creatures vanquished.

Notes
Turn   | Place    | Note
-------+----------+-------------------------------------------
     0 | D:1      | HallandMoats the Gargoyle Fighter began the quest for the
                  | Orb.
     0 | D:1      | Reached XP level 1. HP: 14/14 MP: 1/1
   587 | D:1      | Found a faded altar of an unknown god.
   595 | D:1      | Prayed at the altar of an unknown god.
   595 | D:1      | Became a worshipper of the Wu Jian Council
   595 | D:1      | Reached * piety under Wu Jian
   623 | D:1      | Reached XP level 2. HP: 19/19 MP: 2/2
   971 | D:2      | Reached XP level 3. HP: 24/24 MP: 3/3
  1041 | D:2      | HP: 1/24 [gnoll (4)]
  1042 | D:2      | Slain by a gnoll

Illustrated notes

Levels and vault maps discovered:
D:1:      lemuel_arrival_lava_pool, layout_basic,
          chequers_ecumenical_altar_simple
D:2:      layout_rooms, ebering_dispersal_statue_hall, chequers_arboretum,
          minmay_indecisive_spiral

Skill      XL: |  1 |
---------------+----+-----
Axes           | 2 |  2.2
Fighting       | |  3.8
Armour         | |  3.4
Dodging        | |  0.5
Shields        | |  3.4

Action                   || total
-------------------------++-------
Melee: War axe           ||    59
Invok: Lunge             ||     3
Armor: Scale mail        ||    34
Dodge: Dodged            ||    34
Block: Buckler           ||    10

Table legend: (Time is in decaauts)
 A = Elapsed time spent in this place.
 B = Non-inter-level travel time spent in this place.
 C = Inter-level travel time spent in this place.
 D = Time resting spent in this place.
 E = Time spent auto-exploring this place.
 F = Levels seen in this place.
 G = Mean time per level.
                   A        B        C        D        E       F      G
               +--------+--------+--------+--------+--------+-----+--------+
         Total |   1066 |   1042 |     24 |      0 |    865 |   2 |  533.0 |
       Dungeon |   1066 |   1042 |     24 |      0 |    865 |   2 |  533.0 |
               +--------+--------+--------+--------+--------+-----+--------+

Top non-repeatable levels by time:
     D:1: 928 daAuts
     D:2: 137 daAuts
